 Dungeon Crawl Stone Soup version 0.31-a0-214-gb37851dbb3 (webtiles) character file.

Game seed: 5947975283839460742

92 qw the Shooter (level 4, 0/26 HPs)
             Began as a Gargoyle Hexslinger on July 1, 2023.
             Slain by a black bear (2 damage)
             ... on level 4 of the Dungeon.
             The game lasted 00:00:46 (1915 turns).

qw the Shooter (Gargoyle Hexslinger)                Turns: 1915, Time: 00:00:46

Health: 0/26       AC: 11    Str: 11    XL:     4   Next: 60%
Magic:  5/5        EV: 11    Int: 14    God:
Gold:   210        SH:  0    Dex: 14    Spells: 4/5 levels left

rFire   . . .        Y - +1 sling
rCold   + . .        (no shield)
rNeg    + . .        d - +1 leather armour {rPois}
rPois   inf          (no helmet)
rElec   +            (no cloak)
rCorr   .            (no gloves)
SInv    .            (no boots)
Will    .....        (no amulet)
Stlth   +            a - +4 ring of protection
HPRegen 0.24/turn    g - ring of protection from cold
MPRegen 0.09/turn

%: no passive effects
@: no status effects
A: sickness immunity, AC +3, negative energy resistance 1, electricity
resistance, torment resistance 1, petrification resistance
a: no special abilities


You were on level 4 of the Dungeon.
You visited 1 branch of the dungeon, and saw 4 of its levels.

You collected 210 gold pieces.


Innate Abilities, Weirdness & Mutations

You are immune to sickness and miasma.
Your stone body is resilient. (AC +3)
You are immune to poison.
You resist negative energy. (rN+)
You are resistant to electric shocks. (rElec)
You are resistant to unholy torment.
You are immune to petrification.


   Skills:
 - Level 2.0 Fighting
 + Level 4.3 Ranged Weapons
 - Level 1.5 Dodging
 - Level 1.0 Spellcasting
 - Level 2.6 Hexes


You had 4 spell levels left.
You knew the following spells:

 Your Spells              Type           Power      Damage    Failure   Level
a - Slow                  Hex            32%        N/A       12%         1

Your spell library contained the following spells:

 Spells                   Type           Power      Damage    Failure   Level
 Inner Flame              Hex/Fire       4%         N/A       52%         3
 Portal Projectile        Hex/Tloc       8%         N/A       52%         3
 Cause Fear               Hex            4%         N/A       75%         4

Inventory:

Hand Weapons
 Y - a +1 sling (weapon)
Armour
 c - a +0 cloak
 d - a +1 leather armour of poison resistance (worn)
Jewellery
 a - a +4 ring of protection (left hand)
 g - a ring of protection from cold (right hand)
Scrolls
 i - a scroll of enchant armour {unknown}
Potions
 b - a potion of resistance {unknown}
 e - a potion of heal wounds {unknown}
 f - a potion of degeneration {unknown}
 h - a potion of mutation {unknown}
 j - a potion of curing {unknown}

Dungeon Overview and Level Annotations

Branches:
Dungeon (3/15)

Altars:

Shops:
D:1 (


Message History

The black bear claws you.
The black bear bites you but does no damage.
The black bear claws you.
The black bear claws you but does no damage.
You shoot a sling bullet. The sling bullet hits the black bear.
The black bear is severely wounded.
The black bear bites you but does no damage.
The black bear claws you but does no damage.
The black bear closely misses you.
You shoot a sling bullet.
The sling bullet completely misses the black bear.
The black bear goes berserk!
You shoot a sling bullet.
The sling bullet hits the black bear but does no damage.
The black bear is severely wounded.
The black bear bites you.
The black bear claws you but does no damage.
The black bear barely misses you. The black bear bites you!
The black bear claws you but does no damage. x2
You shoot a sling bullet.
The sling bullet closely misses the black bear.
The black bear bites you.
The black bear claws you but does no damage. x2
The black bear bites you.
The black bear claws you but does no damage. x2
You shoot a sling bullet.
The sling bullet closely misses the black bear.
An orc comes into view. It is wielding a +0 club.
The black bear bites you but does no damage.
The black bear claws you.
The black bear claws you but does no damage.
The black bear barely misses you.
The black bear claws you but does no damage. x2
The orc moves out of view.
You shoot a sling bullet.
The sling bullet hits the black bear but does no damage.
The black bear is severely wounded.
The black bear bites you but does no damage.
The black bear claws you.
You die...

. ## ## .. .# #.
...##.# #.
.....#.####..
#...h...... #%@##
#...####
###....##.# #+
##.)....# ##. +.
#)###### ...# #.#
##.# #..###
#.###..# #....
#.....##
#....###.#.#######


You could see a black bear (berserk).

Vanquished Creatures
  2 adders
  A worm (D:2)
  2 dart slugs (D:1)
  4 orcs (D:4)
  5 bats
  11 endoplasms
  4 goblins
  7 hobgoblins
  A quokka (D:1)
  7 ball pythons
  4 frilled lizards (D:1)
  4 kobolds
  8 rats
60 creatures vanquished.

Notes
Turn   | Place    | Note
-------+----------+-------------------------------------------
     0 | D:1      | qw the Gargoyle Hexslinger began the quest for the Orb.
     0 | D:1      | Reached XP level 1. HP: 12/12 MP: 2/2
     0 | D:1      | 0 ||| qw: Version: 0.3-a-32-g5962c71
     0 | D:1      | 0 ||| qw: Game counter: 7509
     0 | D:1      | 0 ||| qw: Melee chars always use a shield: true
     0 | D:1      | 0 ||| qw: God list: Okawaru
     0 | D:1      | 0 ||| qw: Allow faded altars: false
     0 | D:1      | 0 ||| qw: Do Orc after clearing Dungeon:15 true
     0 | D:1      | 0 ||| qw: Do second Lair branch before Depths: true
     0 | D:1      | 0 ||| qw: Lair rune preference: random
     0 | D:1      | 0 ||| qw: Goals: Normal
     0 | D:1      | 0 ||| PLANNING D:1-11
    64 | D:1      | Reached XP level 2. HP: 15/16 MP: 3/3
    86 | D:1      | 86 ||| FLEEEEING.
    94 | D:1      | Reached skill level 3 in Ranged Weapons
   166 | D:1      | 166 ||| FLEEEEING.
   167 | D:1      | 167 ||| FLEEEEING.
   240 | D:1      | Reached XP level 3. HP: 21/21 MP: 4/4
   311 | D:1      | Found Ybopta's Antique Weapon Shoppe.
   464 | D:1      | 464 ||| READING scroll labelled XUSCHU ISMOHA.
   465 | D:1      | 465 ||| READING scroll labelled MAUQOR BAHIKKO.
   466 | D:1      | 466 ||| DROPPING scroll of poison.
  1448 | D:2      | 1448 ||| UPGRADING to +0 leather armour.
  1458 | D:2      | 1458 ||| DROPPING +0 robe.
  1459 | D:2      | 1459 ||| UPGRADING to +1 leather armour of poison
                  | resistance.
  1469 | D:2      | 1469 ||| DROPPING +0 leather armour.
  1470 | D:2      | 1470 ||| UPGRADING to +4 ring of protection.
  1471 | D:2      | 1471 ||| UPGRADING to ring of protection from cold.
  1644 | D:3      | Reached XP level 4. HP: 26/26 MP: 5/5
  1679 | D:3      | Reached skill level 4 in Ranged Weapons
  1841 | D:3      | You fall into a shaft and drop 1 floor!
  1900 | D:4      | Noticed a black bear
  1913 | D:4      | HP: 6/26 [black bear (1)]
  1914 | D:4      | HP: 1/26 [black bear (5)]
  1915 | D:4      | Slain by a black bear

Levels and vault maps discovered:
D:1:      matt_arrival_grand_opening, layout_basic, serial_shops, shop
D:2:      layout_basic, grunt_decor_mini_mirrors
D:3:      layout_basic
D:4:      layout_loops_ring, cheibriados_altar_1, kennysheep_ying_yang,
          nemelex_dance_club_becter, nicolae_shop_self_help

Skill      XL: |  1  2  3  4 |
---------------+-------------+-----
Ranged Weapons | 3 4 |  4.3
Fighting       | 2 |  2.0
Dodging        | |  1.5
Spellcasting   | |  1.0
Hexes          | |  2.6

Action                     |  1- 3 |  4- 6 || total
---------------------------+-------+-------++-------
   Fire: Sling             |   116 |    61 ||   177
    Use: Scroll            |     2 |       ||     2
 Armour: Robe              |     6 |       ||     6
         Leather armour    |       |    33 ||    33
  Dodge: Dodged            |    25 |    27 ||    52

Table legend:
 A = Non-vault XP
 B = Vault XP
 C = Vault XP percentage of total XP
 D = Non-vault monster count
 E = Vault monster count
 F = Vault count percentage of total count
                 A         B        C        D         E       F
            +---------+---------+-------+---------+---------+-------
      Total |     132 |       0 |   0.0 |      60 |       0 |   0.0
            +---------+---------+-------+---------+---------+-------
        D:1 |      48 |       0 |   0.0 |      29 |       0 |   0.0
        D:2 |      31 |       0 |   0.0 |      16 |       0 |   0.0
        D:3 |      24 |       0 |   0.0 |       8 |       0 |   0.0
        D:4 |      29 |       0 |   0.0 |       7 |       0 |   0.0
            +---------+---------+-------+---------+---------+-------
